 Dungeon Crawl Stone Soup version 0.27-a0-1590-g15f69828bf (webtiles) character file.

Game seed: 15260776888471188112

12324 pokeman the Eclecticist (level 11, -13/64 HPs)
             Began as a Deep Elf Hedge Wizard on July 18, 2021.
             Was an Elder of Vehumet.
             Hit by a large rock thrown by a stone giant (18 damage)
             ... on level 9 of the Dungeon.
             The game lasted 00:39:01 (15275 turns).

pokeman the Eclecticist (Deep Elf Hedge Wizard)    Turns: 15275, Time: 00:39:01

Health: -13/64     AC:  5    Str:  7    XL:     11   Next: 61%
Magic:  32/32      EV: 12    Int: 23    God:    Vehumet [****..]
Gold:   424        SH:  5    Dex: 14    Spells: 29/40 levels left

rFire    + + +     SeeInvis .   N - +6 short sword of the Beast {flame, rElec rF+ Stlth+}
rCold    x . .     Faith    .   (no shield)
rNeg     . . .     Spirit   .   C - +2 leather armour {rF+}
rPois    +         Reflect  +   c - +0 hat
rElec    +         Harm     .   (no cloak)
rCorr    .         Rampage  .   (no gloves)
Will     +....                  (no boots)
Stlth    +++.......             F - amulet of reflection
HPRegen  0.20/turn              B - ring of fire
MPRegen  0.23/turn              M - ring of poison resistance

@: no status effects
A: no striking features
a: Renounce Religion


You were on level 9 of the Dungeon.
You worshipped Vehumet.
Vehumet was greatly pleased with you.
You visited 1 branch of the dungeon, and saw 9 of its levels.
You also visited: Sewer.

You collected 424 gold pieces.

Inventory:

Hand Weapons
 D - a +0 shortbow
 H - a +1 dagger of chaos
 N - the +6 short sword of the Beast (weapon) {flame, rElec rF+ Stlth+}
   (You took it off an orc wizard on level 9 of the Dungeon)

   It burns those it strikes, dealing additional fire damage.
   rF:        It protects you from fire.
   rElec:     It insulates you from electricity.
   Stlth:     It makes you more stealthy.
Missiles
 m - 164 arrows
 x - a throwing net
 E - 70 bolts
 G - a curare-tipped dart
Armour
 c - a +0 hat (worn)
 C - a +2 leather armour of fire resistance (worn)
 K - a +2 tower shield
Jewellery
 v - an amulet of guardian spirit
 B - a ring of fire (left hand)
 F - an amulet of reflection (around neck)
 M - a ring of poison resistance (right hand)
Wands
 A - a wand of paralysis (5)
 L - a wand of iceblast (5)
Scrolls
 a - 2 scrolls of brand weapon {unknown}
 b - a scroll of torment {unknown}
 g - 2 scrolls of enchant weapon {unknown}
 h - 4 scrolls of teleportation {unknown}
 i - a scroll of immolation {unknown}
 j - a scroll of silence {unknown}
 o - 6 scrolls of identify {unknown}
 q - 2 scrolls of fog {unknown}
 t - a scroll of fear {unknown}
 w - 2 scrolls of blinking {unknown}
 y - 2 scrolls of magic mapping {unknown}
 I - a scroll of vulnerability {unknown}
Potions
 d - a potion of invisibility {unknown}
 e - 2 potions of degeneration {unknown}
 f - 7 potions of curing
 k - a potion of attraction {unknown}
 l - a potion of resistance {unknown}
 n - a potion of magic {unknown}
 p - a potion of ambrosia {unknown}
 r - 2 potions of brilliance {unknown}
 u - 2 potions of flight
 z - a potion of cancellation {unknown}
 J - a potion of lignification {unknown}


   Skills:
 + Level 5.2 Fighting
 - Level 4.0 Armour
 - Level 3.0 Dodging
 - Level 3.3 Stealth
 * Level 15.1 Spellcasting
 + Level 9.2 Conjurations
 - Level 1.1 Summonings
 - Level 1.1 Translocations
 + Level 8.3 Fire Magic
 - Level 1.4 Air Magic
 - Level 2.0 Poison Magic
 - Level 2.0 Evocations


You had 29 spell levels left.
You knew the following spells:

 Your Spells              Type           Power      Damage    Failure   Level
a - Magic Dart            Conj           100%       1d8       1%          1
b - Mephitic Cloud        Conj/Pois/Air  36%        N/A       1%          3
c - Call Imp              Summ           22%        N/A       4%          2
d - Blink                 Tloc           N/A        N/A       4%          2
e - Conjure Flame         Conj/Fire      72%        6-21      1%          3

Your spell library contained the following spells:

 Spells                   Type           Power      Damage    Failure   Level
 Iskenderun's Battlesphe  Conj           56%        2d11      1%          5
 Ignite Poison            Fire/Tmut/Pois 49%        N/A       1%          3
 Sticky Flame             Conj/Fire      72%        2d9       1%          4
 Slow                     Hex            17%        N/A       8%          2


Dungeon Overview and Level Annotations

Branches:
Dungeon (9/15)             Temple (0/1) D:7            Lair (0/6) D:8
    Orc (0/2) D:9           Sewer (visited)

Altars:
Elyvilon
Hepliaklqana
Nemelex Xobeh
Vehumet
Wu Jian
Yredelemnul
Zin
The Shining One

Shops:
D:8 (*


Message History

The howler monkey is heavily wounded.
Casting: Magic Dart (safe; 1% risk of failure)
Confirm with . or Enter, or press ? or * to list all spells.
Aiming: Magic Dart (safe; 1% risk of failure)
Press: ? - help, Shift-Dir - straight line, f/p - howler monkey
Aim: a howler monkey (heavily wounded, catching its breath, 100% to hit)
The magic dart hits the howler monkey.
The howler monkey is heavily wounded.
The howler monkey closely misses you. You block the howler monkey's attack.
Casting: Magic Dart (safe; 1% risk of failure)
Confirm with . or Enter, or press ? or * to list all spells.
Aiming: Magic Dart (safe; 1% risk of failure)
Press: ? - help, Shift-Dir - straight line, f/p - howler monkey
Aim: a howler monkey (heavily wounded, 100% to hit)
The magic dart hits the howler monkey.
The howler monkey is severely wounded.
The howler monkey hits you.
Casting: Magic Dart (safe; 1% risk of failure)
Confirm with . or Enter, or press ? or * to list all spells.
Aiming: Magic Dart (safe; 1% risk of failure)
Press: ? - help, Shift-Dir - straight line, f/p - howler monkey
Aim: a howler monkey (severely wounded, 100% to hit)
The magic dart hits the howler monkey!
You kill the howler monkey!
Vehumet accepts your kill.
You feel your power returning.
Casting: Magic Dart (safe; 1% risk of failure)
Confirm with . or Enter, or press ? or * to list all spells.
You can't see any susceptible monsters within range! (Use Z to cast anyway.) Unknown command.
You have 424 gold pieces.
A stone giant comes into view.
The stone giant shouts!
The stone giant throws a large rock.
The large rock hits you!!!
Ouch! That really hurt!
* * * LOW HITPOINT WARNING * * *
The stone giant throws a large rock.
The large rock hits you!
* * * LOW HITPOINT WARNING * * *
The stone giant throws a large rock.
The large rock hits you!!
You die...

.#♣...♣♣♣.###########.♣♣.♣♣♣.#..#
..........'.........'.)..♣ ♣....#
.#♣...♣♣♣.###########.♣♣.♣♣♣.#.##
.#♣♣.♣♣ ♣♣...........♣♣#.....#.##
.# ### #####♣.♣##### #######.##
.# #..# .# #... ## ♣♣♣♣♣♣♣♣♣♣♣
#..> ♣.....@...♣ #... ♣C♣♣♣♣♣♣♣.♣
#... ♣.♣ ♣.♣ #..# ♣.♣ ♣.♣ #.## ##
♣.♣ ♣.♣ #.# .# ♣C♣ ♣.♣ #.# .# ♣†♣
♣.♣ #.# .# ♣.♣ ♣.♣ #.# .# ♣.. ♣.♣
#.#


You could see a stone giant.

Vanquished Creatures
  A hydra (D:9)
  2 two-headed ogres
  A tengu warrior (D:9)
  Pikel (D:6)
  A deep elf pyromancer (D:7)
  A manticore (D:9)
  Joseph (D:9)
  5 centaur zombies
  A black mamba (shapeshifter) (D:9)
  Psyche (D:9)
  Sigmund (D:3)
  3 shadows
  4 wyverns
  7 yaks
  A basilisk (D:7)
  Menkaure (D:5)
  Edmund (D:6)
  Duvessa (D:5)
  5 water moccasins
  An ice beast (D:7)
  4 orc warriors
  2 necrophages
  3 black bears
  A sky beast (D:7)
  4 ogres
  3 centaurs
  A phantom (D:7)
  7 kobold brigands
  3 lemures (D:6)
  4 scorpions
  A bullfrog (D:8)
  2 water moccasin zombies
  Dowan (D:5)
  6 wights
  7 howler monkeys
  A bullfrog zombie (D:5)
  4 hounds
  A centaur skeleton (D:5)
  4 orc priests
  A gnoll shaman (D:4)
  2 jellies (D:6)
  An iguana (D:8)
  6 orc wizards
  A killer bee zombie (D:7)
  A hound skeleton (D:4)
  A howler monkey zombie (D:8)
  5 gnolls (D:4)
  A howler monkey skeleton (D:7)
  3 adders
  4 river rats
  3 white imps
  2 ufetubi
  A worm (D:5)
  2 dart slugs
  28 orcs
  9 bats
  8 endoplasms
  4 giant cockroaches
  7 goblins
  6 hobgoblins
  16 jackals
  5 quokkas
  3 ball pythons (D:1)
  2 frilled lizards
  47 kobolds
  10 rats
278 creatures vanquished.

Vanquished Creatures (collateral kills)
  Eustachio (D:5)
  A jackal (D:4)
2 creatures vanquished.

Vanquished Creatures (others)
  A bush (D:8)
  5 fungi (D:8)
  58 plants (D:8)
64 creatures vanquished.

Grand Total: 344 creatures vanquished

Notes
Turn   | Place    | Note
-------+----------+-------------------------------------------
     0 | D:1      | pokeman the Deep Elf Hedge Wizard began the quest for the
                  | Orb.
     0 | D:1      | Reached XP level 1. HP: 10/10 MP: 7/7
   155 | D:1      | Reached XP level 2. HP: 15/15 MP: 0/9
   700 | D:1      | Found a faded altar of an unknown god.
   755 | D:1      | Reached skill level 5 in Spellcasting
  1176 | D:2      | Reached XP level 3. HP: 20/20 MP: 9/11
  1182 | D:2      | Learned a level 3 spell: Mephitic Cloud
  1185 | D:2      | Learned a level 2 spell: Call Imp
  1188 | D:2      | Learned a level 2 spell: Blink
  1192 | D:2      | Learned a level 3 spell: Conjure Flame
  1904 | D:2      | Reached skill level 1 in Armour
  2106 | D:2      | Reached skill level 1 in Fighting
  2523 | D:3      | Reached XP level 4. HP: 25/25 MP: 3/13
  2739 | D:3      | Found a sparkling altar of Nemelex Xobeh.
  2924 | D:3      | Reached skill level 1 in Fire Magic
  3126 | D:3      | Found a radiant altar of Vehumet.
  3127 | D:3      | Found a glowing silver altar of Zin.
  3128 | D:3      | Found a hazy altar of Hepliaklqana.
  3130 | D:3      | Found an ornate altar of the Wu Jian Council.
  3130 | D:3      | Found a white marble altar of Elyvilon.
  3133 | D:3      | Found a basalt altar of Yredelemnul.
  3136 | D:3      | Became a worshipper of Vehumet
  3612 | D:3      | Noticed Sigmund
  3755 | D:3      | Killed Sigmund
  3756 | D:3      | Reached skill level 6 in Spellcasting
  3756 | D:3      | Reached skill level 1 in Air Magic
  3756 | D:3      | Reached XP level 5. HP: 28/29 MP: 1/16
  3756 | D:3      | Reached XP level 6. HP: 32/34 MP: 1/17
  3929 | D:4      | Reached skill level 7 in Spellcasting
  3980 | D:4      | Reached skill level 1 in Poison Magic
  4321 | D:4      | Reached * piety under Vehumet
  4321 | D:4      | Offered knowledge of Sandblast by Vehumet.
  4328 | D:4      | Reached XP level 7. HP: 39/39 MP: 14/20
  5031 | D:5      | Entered Level 5 of the Dungeon
  5031 | D:5      | Noticed Dowan
  5033 | D:5      | Noticed Duvessa
  5101 | D:5      | Reached skill level 8 in Spellcasting
  5138 | D:5      | Reached XP level 8. HP: 33/45 MP: 14/22
  5181 | D:5      | Found a glowing drain.
  5188 | Sewer    | Entered a sewer
  5354 | Sewer    | Reached skill level 9 in Spellcasting
  5416 | Sewer    | Found a white marble altar of Elyvilon.
  5547 | D:5      | Offered knowledge of Poisonous Vapours by Vehumet.
  5625 | D:5      | Reached ** piety under Vehumet
  5641 | D:5      | Noticed Eustachio
  5665 | D:5      | Killed Duvessa
  5668 | D:5      | Killed Dowan
  5669 | D:5      | Reached skill level 5 in Conjurations
  5670 | D:5      | Killed Eustachio
  5980 | D:5      | Reached skill level 10 in Spellcasting
  6010 | D:5      | Noticed Menkaure
  6951 | D:5      | Killed Menkaure
  7534 | D:6      | Reached XP level 9. HP: 49/49 MP: 23/25
  7573 | D:6      | Offered knowledge of Inner Flame by Vehumet.
  7809 | D:6      | Reached skill level 11 in Spellcasting
  7980 | D:6      | Noticed Pikel
  8009 | D:6      | Killed Pikel
  8010 | D:6      | Reached skill level 5 in Fire Magic
  8139 | D:6      | Reached *** piety under Vehumet
  8221 | D:6      | Noticed Edmund
  8238 | D:6      | Killed Edmund
  8736 | D:7      | Reached skill level 12 in Spellcasting
  8758 | D:7      | Noticed a two-headed ogre
  9047 | D:7      | Noticed a deep elf pyromancer
  9162 | D:7      | Found a staircase to the Ecumenical Temple.
  9178 | D:7      | Killed a two-headed ogre
  9179 | D:7      | Reached XP level 10. HP: 23/56 MP: 13/28
  9369 | D:7      | Found a glowing golden altar of the Shining One.
  9825 | D:7      | Identified the +7 longbow of Haathror {flame, *Corrode
                  | Drain rN+++ Stlth+}
 10129 | D:7      | Killed a deep elf pyromancer
 10130 | D:7      | Reached skill level 13 in Spellcasting
 10190 | D:8      | Found a staircase to the Lair.
 10638 | D:8      | Offered knowledge of Airstrike by Vehumet.
 10865 | D:8      | Found Vunlotas's Assorted Antiques.
 11242 | D:8      | Found Yzukhul's Antique Weapon Shoppe.
 11279 | D:8      | Reached **** piety under Vehumet
 11301 | D:8      | Offered knowledge of Iskenderun's Battlesphere by Vehumet.
 12022 | D:9      | Noticed Psyche
 12040 | D:9      | Reached skill level 14 in Spellcasting
 12333 | D:9      | Killed Psyche
 12334 | D:9      | Reached XP level 11. HP: 47/62 MP: 20/31
 12441 | D:9      | Noticed a two-headed ogre
 12699 | D:9      | Killed a two-headed ogre
 12808 | D:9      | Noticed Joseph
 12839 | D:9      | Killed Joseph
 13350 | D:9      | Noticed a seven-headed hydra
 13401 | D:9      | Killed a seven-headed hydra
 13684 | D:9      | Found a staircase to the Orcish Mines.
 13867 | D:9      | Noticed a tengu warrior
 13891 | D:9      | Killed a tengu warrior
 13892 | D:9      | Reached skill level 5 in Fighting
 13892 | D:9      | Reached skill level 1 in Evocations
 14584 | D:9      | Reached skill level 15 in Spellcasting
 15127 | D:9      | Identified the +6 short sword of the Beast {flame, rElec
                  | rF+ Stlth+}
 15266 | D:9      | Noticed a stone giant
 15275 | D:9      | Hit by a large rock thrown by a stone giant

Illustrated notes

Levels and vault maps discovered:
D:1:      dpeg_arrival_simpleton_b, layout_rooms,
          hellmonk_ecumenical_altar_zigzags
D:2:      layout_basic, chequers_serial_rivers_large_b, minmay_tripent
D:3:      layout_basic, nemelex_diamond_rough_becter,
          grunt_temple_overflow_open, minmay_goblin_outpost, uniq_sigmund
D:4:      layout_loops_ring
D:5:      layout_layer_cave, portal_sewer_entry_e,
          minmay_fractal_squares_diagonal_5, uniq_menkaure, uniq_duvessa,
          uniq_eustachio
D:6:      layout_loops_ring, hangedman_minor_gate_pass, uniq_edmund, uniq_pikel
D:7:      minmay_cornered_nines, layout_rooms, kennysheep_mini_moat,
          minmay_temple_entry_large_hall
D:8:      kennysheep_kobold_camp, layout_loops_ring, minmay_lair_entry_grove,
          serial_shops, shop, nicolae_shop_statue_plus,
          hangedman_abyss_or_decor_slice
D:9:      nzn_winding_woodlands_large [nzn_winding_woodlands_5x5_cross,
          nzn_winding_woodlands_5x15_crooked,
          nzn_winding_woodlands_5x5_checkerboard,
          nzn_winding_woodlands_center_triple_pond,
          nzn_winding_woodlands_15x15_boxy_spiral,
          nzn_winding_woodlands_center_diamonds,
          nzn_winding_woodlands_5x5_perimeter,
          nzn_winding_woodlands_5x15_longhouse,
          nzn_winding_woodlands_5x5_default], layout_layer_cave, david_orc_2,
          uniq_psyche, uniq_joseph

Skill      XL: |  1  2  3  4  5  6  7  8  9 10 11 |
---------------+----------------------------------+-----
Spellcasting   | 5 6 7 8 10 12 14 15 | 15.1
Armour         | 1 2 4 |  4.0
Fighting       | 1 2 3 4 5 |  5.2
Conjurations   | 2 3 4 5 7 8 9 |  9.2
Fire Magic     | 1 2 4 6 7 8 |  8.3
Dodging        | 3 |  3.0
Stealth        | 3 |  3.3
Air Magic      | 1 |  1.4
Poison Magic   | 1 2 |  2.0
Evocations     | 2 |  2.0
Summonings     | |  1.1
Translocations | |  1.1

Action                   |  1- 3 |  4- 6 |  7- 9 | 10-12 || total
-------------------------+-------+-------+-------+-------++-------
Melee: Dagger            |     5 |     9 |       |       ||    14
       Flail             |       |    36 |   113 |   114 ||   263
 Fire: Shortbow          |       |       |    39 |       ||    39
 Cast: Magic Dart        |   116 |    57 |   184 |   279 ||   636
       Mephitic Cloud    |       |    10 |    28 |    33 ||    71
       Conjure Flame     |       |     4 |    31 |    52 ||    87
       Call Imp          |       |     1 |     5 |     6 ||    12
       Blink             |       |       |     3 |     7 ||    10
Evoke: Wand              |       |       |     3 |     3 ||     6
  Use: Potion            |       |       |     1 |       ||     1
 Stab: Confused          |       |       |    12 |     7 ||    19
Armor: Leather armour    |     6 |    15 |    54 |    48 ||   123
Dodge: Dodged            |    16 |    50 |   119 |    83 ||   268
Block: Other             |       |       |       |    21 ||    21
       Reflection        |       |       |       |     2 ||     2

Table legend: (Time is in decaauts)
 A = Elapsed time spent in this place.
 B = Non-inter-level travel time spent in this place.
 C = Inter-level travel time spent in this place.
 D = Time resting spent in this place.
 E = Time spent auto-exploring this place.
 F = Levels seen in this place.
 G = Mean time per level.
                   A        B        C        D        E       F      G
               +--------+--------+--------+--------+--------+-----+--------+
         Total |  15434 |  15034 |    400 |   1693 |  10822 |  10 | 1543.4 |
       Dungeon |  15132 |  14732 |    400 |   1693 |  10570 |   9 | 1681.3 |
         Sewer |    302 |    302 |      0 |      0 |    251 |   1 |  302.0 |
               +--------+--------+--------+--------+--------+-----+--------+

Top non-repeatable levels by time:
     D:9: 2901 daAuts
     D:8: 2172 daAuts
     D:5: 2167 daAuts
     D:2: 1552 daAuts
     D:3: 1473 daAuts
     D:4: 1401 daAuts
     D:7: 1300 daAuts
     D:6: 1255 daAuts
     D:1: 909 daAuts
   Sewer: 302 daAuts
